 Dungeon Crawl Stone Soup version 0.26.1-11-gd32895ea62 (webtiles) character file.

Game seed: 9505449354610568755

1303 bigdumb the Shield-Bearer (level 8, -3/61 HPs)
             Began as a Formicid Fighter on June 18, 2021.
             Was a Follower of Okawaru.
             Killed from afar by a steam dragon (7 damage)
             ... with a ball of steam
             ... on level 6 of the Dungeon on June 19, 2021.
             The game lasted 00:11:33 (5697 turns).

bigdumb the Shield-Bearer (Formicid Fighter)        Turns: 5697, Time: 00:11:33

Health: -3/61      AC: 18    Str: 23    XL:     8   Next: 87%
Magic:  8/8        EV:  6    Int:  8    God:    Okawaru [*.....]
Gold:   261        SH: 16    Dex: 10    Spells: 7/7 levels left

rFire    x . .     SeeInvis +   a - +0 trident
rCold    + . .     Faith    .   c - +0 kite shield
rNeg     . . .     Spirit   .   o - +0 plate armour
rPois    .         Reflect  +   (helmet unavailable)
rElec    .         Harm     .   E - +0 cloak
rCorr    .         Rampage  .   t - +0 pair of gloves
Will     .....                  u - +2 pair of boots
Stlth    ..........             w - amulet of reflection
HPRegen  0.20/turn              r - ring of ice
MPRegen  0.11/turn              p - ring of stealth

@: mighty
A: permanent stasis, dig shafts and tunnels, four strong arms, antennae 3
a: Dig, Shaft Self, Renounce Religion, Heroism


You were on level 6 of the Dungeon.
You worshipped Okawaru.
Okawaru was aware of your devotion.
You visited 1 branch of the dungeon, and saw 6 of its levels.
You also visited: Sewer.

You collected 261 gold pieces.

Inventory:

Hand Weapons
 a - a +0 trident (weapon)
 D - a +4 quarterstaff of chaos
 F - the +9 mace of Reinforcement {flame, rN+ Int+3 Stlth+}
   (You found it on level 4 of the Dungeon)

   It has been specially enchanted to burn those struck by it, causing extra
   injury to most foes and up to half again as much damage against particularly
   susceptible opponents.
   It affects your intelligence (+3).
   It protects you from negative energy.
   It makes you more stealthy.
Armour
 c - a +0 kite shield (worn)
 o - a +0 plate armour (worn)
 t - a +0 pair of gloves (worn)
 u - a +2 pair of boots (worn)
 E - a +0 cloak (worn)
Jewellery
 b - a +4 ring of evasion {unknown}
 p - a ring of stealth (right hand)
 r - a ring of ice (left hand)
 v - an uncursed amulet of faith
 w - an amulet of reflection (around neck)
 y - an uncursed ring of stealth
 G - a +4 ring of slaying {unknown}
Wands
 z - a wand of acid (9)
 A - a wand of polymorph (19)
 H - a wand of iceblast (9)
Scrolls
 e - 5 scrolls of enchant armour
 f - 2 scrolls of magic mapping
 i - 6 scrolls of teleportation
 j - 7 scrolls of identify
 k - 2 scrolls of blinking
 l - a scroll of random uselessness {unknown}
 q - 2 scrolls of fog {unknown}
 s - 7 scrolls of remove curse {unknown}
 x - 2 scrolls of immolation {unknown}
 B - a scroll of fear {unknown}
Potions
 d - 5 potions of might
 g - a potion of magic {unknown}
 h - a potion of lignification
 m - 3 potions of invisibility {unknown}
 n - 8 potions of heal wounds {unknown}
 C - 5 potions of curing {unknown}


   Skills:
 + Level 4.9 Fighting
 + Level 6.7 Polearms
 + Level 5.5 Armour
 - Level 0.5 Dodging
 + Level 7.6 Shields


You had 7 spell levels left.
You didn't know any spells.
Your spell library was empty.

Dungeon Overview and Level Annotations

Branches:
Dungeon (6/15)              Sewer (visited)
 Temple: D:4-7

Altars:
Cheibriados
Elyvilon
Okawaru
Qazlal
Sif Muna

Shops:
D:4 !


Innate Abilities, Weirdness & Mutations

You cannot be hasted, slowed, berserked, paralysed or teleported.
You can dig through walls and to a lower floor.
Your four strong arms can wield two-handed weapons with a shield.
You have a pair of large antennae on your head. (SInv)


Message History

The steam dragon is moderately wounded.
You are engulfed in a cloud of scalding steam.
* * * LOW HITPOINT WARNING * * *
You block the steam dragon's attack.
The steam dragon claws you but does no damage.
You barely miss the steam dragon.
The steam dragon is moderately wounded.
You block the steam dragon's attack.
The steam dragon claws you but does no damage.
Your plate armour prevents you from hitting the steam dragon.
The steam dragon is moderately wounded.
You are engulfed in a cloud of scalding steam.
* * * LOW HITPOINT WARNING * * *
The steam dragon bites you.
* * * LOW HITPOINT WARNING * * *
The steam dragon claws you.
* * * LOW HITPOINT WARNING * * *
The steam dragon breathes steam at you. The ball of steam hits you!
The steam scalds you terribly!
You die...

#.# #......... ###.#
#.#######. #.#.#
#......... #.#.#
#.)######. {
#>#.#####.)#....#.
#.#.#........##.#.
#............†....
#.#.#.......###.#.
########@#.#####.........
#.......§#.# #....##.#.
#......D.#.. .........#.
#.....(..### ##.....####.
#........# #....... ..
.........# #..##.## #.
#........# ..#.######
#.#.


You could see a steam dragon (catching breath).

Vanquished Creatures
  2 ogres
  A centaur (D:4)
  3 big kobolds (Sewer)
  Blork the orc (D:4)
  A gnoll sergeant (D:6)
  A wyvern zombie (D:4)
  Crazy Yiuf (D:4)
  2 orc priests
  2 worker ants
  4 orc wizards
  A hound zombie (D:5)
  6 gnolls
  6 adders
  11 river rats
  2 ufetubi
  An ooze (Sewer)
  5 worms
  5 dart slugs
  A leopard gecko (D:1)
  21 orcs
  5 giant cockroaches
  7 goblins
  5 hobgoblins
  4 jackals
  A quokka (D:6)
  10 ball pythons
  10 bats
  7 frilled lizards
  A jackal skeleton (D:5)
  25 kobolds
  A leopard gecko skeleton (D:4)
  27 rats
180 creatures vanquished.

Vanquished Creatures (others)
  An orc (D:3)
  9 plants (D:4)
10 creatures vanquished.

Grand Total: 190 creatures vanquished

Notes
Turn   | Place    | Note
-------+----------+-------------------------------------------
     0 | D:1      | bigdumb the Formicid Fighter began the quest for the Orb.
     0 | D:1      | Reached XP level 1. HP: 18/18 MP: 1/1
    22 | D:1      | Reached XP level 2. HP: 17/24 MP: 2/2
   298 | D:1      | Reached XP level 3. HP: 29/29 MP: 3/3
   475 | D:1      | Reached skill level 4 in Shields
   868 | D:2      | Reached XP level 4. HP: 37/37 MP: 4/4
   964 | D:2      | Reached XP level 5. HP: 40/42 MP: 5/5
  1288 | D:2      | Found a white marble altar of Elyvilon.
  1669 | D:2      | Found a shimmering blue altar of Sif Muna.
  2147 | D:3      | Found a snail-covered altar of Cheibriados.
  2308 | D:3      | Reached XP level 6. HP: 45/48 MP: 6/6
  2991 | D:4      | Found a stormy altar of Qazlal.
  3035 | D:4      | Found Guis's Distillery.
  3071 | D:4      | Reached skill level 5 in Shields
  3106 | D:4      | Reached XP level 7. HP: 54/54 MP: 7/7
  3282 | D:4      | Noticed Blork the orc
  3299 | D:4      | Killed Blork the orc
  3300 | D:4      | Reached skill level 5 in Polearms
  3866 | D:4      | Found a runed translucent door.
  3867 | D:4      | Noticed Crazy Yiuf
  3879 | D:4      | Killed Crazy Yiuf
  3880 | D:4      | Reached skill level 5 in Armour
  3932 | D:4      | Got a masterwork mace
  3938 | D:4      | Identified the +9 mace of Reinforcement {flame, rN+ Int+3
                  | Stlth+} (You found it on level 4 of the Dungeon)
  4033 | D:5      | Entered Level 5 of the Dungeon
  4043 | D:5      | Reached skill level 6 in Shields
  4043 | D:5      | Reached XP level 8. HP: 61/61 MP: 8/8
  4208 | D:5      | Found an iron altar of Okawaru.
  4258 | D:5      | Became a worshipper of Warmaster Okawaru
  4648 | D:5      | Found a glowing drain.
  4655 | Sewer    | Entered a sewer
  4944 | Sewer    | Reached skill level 7 in Shields
  5651 | D:6      | Reached * piety under Okawaru
  5697 | D:6      | Killed from afar by a steam dragon

Illustrated notes

Levels and vault maps discovered:
D:1:      amcnicky_arrival_choice, layout_basic, minmay_split_cup_small
D:2:      layout_rooms, elyvilon_altar_1, minmay_tree_intersection,
          lemuel_blue_sif_altar
D:3:      layout_basic, kennysheep_slug_shrine, columned_hall_lemuel
D:4:      layout_loops_ring, kennysheep_mini_moat, serial_shops, shop,
          serial_bayou_pond_c, uniq_blork_the_orc, uniq_crazy_yiuf_cottage
D:5:      layout_loops_ring, okawaru_metal_pillars_3, portal_sewer_entry_e
D:6:      minmay_diamond_boxcup, layout_basic, minmay_temple_entry_grid,
          ebering_ghost_disaster_area, hangedman_decor_opposing, uniq_maggie

Skill      XL: |  1  2  3  4  5  6  7  8 |
---------------+-------------------------+-----
Shields        | 4 5 6 7 |  7.6
Polearms       | 3 4 5 6 |  6.7
Armour         | 4 5 |  5.5
Fighting       | 4 |  4.9
Dodging        | |  0.5

Action                   |  1- 3 |  4- 6 |  7- 9 || total
-------------------------+-------+-------+-------++-------
Melee: Trident           |    92 |   244 |   392 ||   728
 Abil: Dig               |       |     2 |       ||     2
  Use: Potion            |       |     2 |     3 ||     5
       Scroll            |       |       |     6 ||     6
Armor: Scale mail        |    39 |    22 |       ||    61
       Plate armour      |       |    84 |   138 ||   222
       Skin              |       |    24 |     1 ||    25
Dodge: Dodged            |    24 |    41 |    62 ||   127
Block: Kite shield       |    33 |   112 |   353 ||   498
       Reflection        |       |     2 |     4 ||     6
